 Dungeon Crawl Stone Soup version 0.17.1-3-g152610e (webtiles) character file.

1985 Shtopit the Covert (level 9, -16/44 HPs)
             Began as a Spriggan Warper on Apr 24, 2016.
             Was an Initiate of Dithmenos.
             Killed from afar by a gargoyle (26 damage)
             ... with a stone arrow
             ... on level 7 of the Dungeon.
             The game lasted 00:36:29 (8372 turns).

Shtopit the Covert (Spriggan Warper)                Turns: 8372, Time: 00:36:30

Health: -16/44     AC:  4    Str:  2    XL:     9   Next: 1%
Magic:  16/16      EV: 26    Int: 18    God:    Dithmenos [......]
Gold:   257        SH:  0    Dex: 20    Spells: 3 memorised, 9 levels left

rFire  + . .     SeeInvis +     r - +0 rapier
rCold  . . .     Clarity  .     b - +0 robe
rNeg   . . .     SustAt   .     (shield restricted)
rPois  +         Gourm    .     (helmet restricted)
rElec  +         Spirit   .     t - +1 cloak {rPois}
rCorr  .         Warding  .     (gloves unavailable)
rMut   .         Stasis   .     (boots unavailable)
MR     +....                    (no amulet)
Stlth  +++++++...               x - ring of the Slug {rElec rF+ Str-5 Dex+2 Stlth+}
                                h - +3 ring of intelligence

@: very quick, somewhat resistant to hostile enchantments, extremely stealthy
A: unfitting armour, see invisible, herbivore 3, speed 3, slow metabolism 2
a: Renounce Religion


You were on level 7 of the Dungeon.
You worshipped Dithmenos.
Dithmenos was noncommittal.
You were not hungry.

You visited 2 branches of the dungeon, and saw 8 of its levels.
You also visited: Sewer.

You collected 257 gold pieces.

Inventory:

Hand Weapons
 m - a +5 dagger of venom
 r - a +0 rapier (weapon)
 D - a +0 dagger of electrocution
Missiles
 v - 6 tomahawks (quivered)
 E - 27 poisoned needles
Armour
 b - a +0 robe (worn)
 t - a +1 cloak of poison resistance (worn)
Jewellery
 a - an uncursed amulet of the gourmand {unknown}
 h - a +3 ring of intelligence (left hand)
 x - the ring of the Slug (right hand) {rElec rF+ Str-5 Dex+2 Stlth+}
   (You acquired it on level 6 of the Dungeon)

   [ring of dexterity]

   It affects your strength (-5).
   It affects your dexterity (+2).
   It protects you from fire.
   It insulates you from electricity.
   It makes you more stealthy.
 G - an uncursed ring of wizardry
Wands
 C - a wand of fireball (11)
 F - a wand of confusion (19)
Scrolls
 d - 2 scrolls of blinking
 i - 3 scrolls of teleportation
 j - 2 scrolls of random uselessness
 k - 2 scrolls of magic mapping
 q - a scroll of identify
 y - 5 scrolls of remove curse
 I - a scroll of fear
Potions
 g - a potion of brilliance
 n - a potion of heal wounds
 o - 2 potions of might
 p - a potion of degeneration
 s - a potion of cure mutation
 z - a potion of curing
 B - 3 potions of poison
 J - a potion of agility
 N - a potion of haste
Books
 c - a book of Spatial Translocations

   Spells                             Type                      Level
   a - Apportation                    Translocation                1
   b - Blink                          Translocation                2
   c - Shroud of Golubria             Charms/Translocation         2
   d - Portal Projectile              Translocation                3
   e - Teleport Other                 Translocation                3
   f - Passage of Golubria            Translocation                4
 w - a book of Enchantments

   Spells                             Type                      Level
   a - Cause Fear                     Hexes                        4
   b - Silence                        Hexes/Air                    5
   c - Deflect Missiles               Charms/Air                   6
   d - Haste                          Charms                       6
   e - Discord                        Hexes                        8
Comestibles
 f - 7 bread rations
 H - a royal jelly


   Skills:
 + Level 3.1 Fighting
 + Level 4.5 Short Blades
 + Level 1.0 Throwing
 + Level 9.2 Dodging
 * Level 11.0 Stealth
 + Level 4.4 Spellcasting
 + Level 6.6 Translocations
 + Level 2.1 Evocations


You had 9 spell levels left.
You knew the following spells:

 Your Spells              Type           Power        Failure   Level  Hunger
a - Apportation           Tloc           ####......   1%          1    None
b - Blink                 Tloc           N/A          1%          2    ##.....
c - Passage of Golubria   Tloc           N/A          12%         4    ####...


Dungeon Overview and Level Annotations

Branches:
Dungeon (7/15)             Temple (1/1) D:7

Altars:
Ashenzari
Cheibriados
Dithmenos
Elyvilon
Fedhas
Gozag
Kikubaaqudgha
Makhleb
Nemelex Xobeh
Okawaru
Qazlal
Ru
Sif Muna
Trog
Vehumet
Xom
Yredelemnul
Zin
The Shining One

Shops:
D:6 [


Innate Abilities, Weirdness & Mutations

You are tiny and cannot use many weapons and most armour.
You have supernaturally acute eyesight.
You are a herbivore.
You cover ground extremely quickly.
You need consume almost no food.


Message History

The tomahawk of dispersal hits the gargoyle but does no damage.
The gargoyle is lightly damaged.
The gargoyle hurls a stone arrow at you.
The stone arrow hits you!
* * * LOW HITPOINT WARNING * * *
Throwing (i - inventory. (,) - cycle):
e - 2 tomahawks of dispersal (quivered)
Press: ? - help, Shift-Dir - straight line, f/p - gargoyle
Aim: a gargoyle, wielding a morningstar (lightly damaged)
You throw a tomahawk of dispersal.
The tomahawk of dispersal hits the gargoyle but does no damage.
The gargoyle is lightly damaged.
Throwing (i - inventory. (,) - cycle):
e - a tomahawk of dispersal (quivered)
Press: ? - help, Shift-Dir - straight line, f/p - gargoyle
Aim: a gargoyle, wielding a morningstar (lightly damaged)
You throw a tomahawk of dispersal.
The tomahawk of dispersal closely misses the gargoyle.
The gargoyle hurls a stone arrow at you.
The stone arrow hits you!
Ouch! That really hurt!
You die...

#...........#####......#....#
#......(....# #......'.(...
#...........# #......#.....
#...........# #......#.....
#...........# #......#.....
#...........# #......#.....
#...........# #......#.....
#....>......#####......#....#
########....@...9.######...)#
#).........# #..(... #..........#
#...⌠.. #..(.......# #......
#..........# #.⌠.>.⌠ #..........#
#...... #..........# #...⌠..
############>.........######.....
..............#+##'#%............


You could see a gargoyle.

Vanquished Creatures
  A hungry ghost (D:7)
  Duvessa (D:5)
  An orc warrior (D:7)
  2 centaurs (D:7)
  2 phantoms
  3 ogres
  A big kobold (D:7)
  Dowan (D:5)
  2 giant frogs (D:6)
  4 hounds
  A giant frog zombie (D:5)
  A centaur zombie (D:6)
  5 orc wizards
  2 centaur skeletons (D:4)
  2 iguanas
  3 worker ants
  A gnoll (D:1)
  4 river rats
  12 adders
  A shadow imp (D:6)
  An ooze (D:4)
  2 adder skeletons (D:5)
  An adder zombie (D:7)
  2 worms (D:2)
  4 giant geckos
  26 orcs
  4 ball pythons
  4 giant cockroaches
  12 goblins
  14 hobgoblins
  15 kobolds
  2 quokkas
  6 bats
  16 giant newts
  8 jackals
  18 rats
185 creatures vanquished.

Notes
Turn   | Place    | Note
--------------------------------------------------------------
     0 | D:1      | Shtopit the Spriggan Warper began the quest for the Orb.
     0 | D:1      | Reached XP level 1. HP: 10/10 MP: 5/5
     0 | D:1      | Noticed a formicid zombie
     3 | D:1      | Noticed a minotaur zombie
     5 | D:1      | Noticed a vine stalker zombie
     5 | D:1      | Noticed a draconian zombie
     7 | D:1      | Noticed a vine stalker zombie
     9 | D:1      | Noticed a vine stalker zombie
    13 | D:1      | Noticed a merfolk zombie
    14 | D:1      | Noticed an octopode zombie
    15 | D:1      | Noticed a spriggan zombie
    17 | D:1      | Noticed a minotaur zombie
    17 | D:1      | Noticed a formicid zombie
   144 | D:1      | Reached XP level 2. HP: 15/15 MP: 6/6
   221 | D:1      | Learned a level 2 spell: Blink
   572 | D:1      | Found a snail-covered altar of Cheibriados.
   614 | D:1      | Reached XP level 3. HP: 7/18 MP: 8/8
  1706 | D:2      | Reached skill level 1 in Stealth
  1754 | D:2      | Reached XP level 4. HP: 23/23 MP: 9/9
  1804 | D:2      | Reached skill level 5 in Dodging
  2778 | D:3      | Reached XP level 5. HP: 18/26 MP: 10/10
  2883 | D:3      | Learned a level 4 spell: Passage of Golubria
  2890 | D:3      | Found a blossoming altar of Fedhas.
  2988 | D:3      | Reached skill level 6 in Dodging
  3441 | D:4      | Reached skill level 5 in Translocations
  3464 | D:4      | Found a glowing drain.
  3471 | Sewer    | Entered a sewer
  3812 | Sewer    | Reached XP level 6. HP: 32/32 MP: 11/11
  4198 | D:4      | Noticed a phantom
  4212 | D:4      | HP: 1/32 [phantom (9)]
  4649 | D:4      | Killed a phantom
  4649 | D:4      | Reached skill level 7 in Dodging
  4649 | D:4      | Reached skill level 5 in Stealth
  4740 | D:4      | Reached XP level 7. HP: 20/35 MP: 13/13
  5179 | D:5      | Entered Level 5 of the Dungeon
  5179 | D:5      | Noticed Duvessa
  5182 | D:5      | Killed Duvessa
  5183 | D:5      | Noticed Dowan
  5598 | D:5      | Killed Dowan
  5920 | D:6      | Found Qotyg's Armour Shoppe.
  5946 | D:6      | Reached skill level 8 in Stealth
  6239 | D:6      | Reached XP level 8. HP: 36/39 MP: 14/14
  6312 | D:6      | Reached skill level 1 in Evocations
  6978 | D:6      | Reached skill level 9 in Stealth
  7316 | D:6      | Identified a scroll of acquirement
  7360 | D:6      | Got a bound bronze ring
  7361 | D:6      | Identified the ring of the Slug {rElec rF+ Str-5 Dex+2 Stlth+} (You acquired it on level 6 of the Dungeon)
  7414 | D:7      | Found a staircase to the Ecumenical Temple.
  7517 | Temple   | Entered the Ecumenical Temple
  7599 | Temple   | Became a worshipper of Dithmenos the Shadowed
  7955 | D:7      | Reached skill level 10 in Stealth
  8089 | D:7      | Reached skill level 11 in Stealth
  8089 | D:7      | Reached XP level 9. HP: 16/44 MP: 16/16
  8341 | D:7      | Noticed a gargoyle
  8372 | D:7      | Killed from afar by a gargoyle

Action                   |  1- 3 |  4- 6 |  7- 9 || total
-------------------------+-------+-------+-------++-------
Melee: Short sword       |    82 |       |       ||    82
       Dagger            |    59 |   242 |   182 ||   483
       Rapier            |       |    21 |     7 ||    28
Throw: Tomahawk          |       |       |     5 ||     5
 Cast: Passage of Golubr |       |     2 |       ||     2
       Blink             |       |     7 |     7 ||    14
       Apportation       |       |     1 |       ||     1
Evoke: Wand              |       |       |     7 ||     7
  Use: Scroll            |       |    10 |     8 ||    18
       Potion            |       |       |    14 ||    14
 Stab: Sleeping          |     4 |    12 |    13 ||    29
       Distracted        |       |     1 |     3 ||     4
  Eat: Pizza             |       |     1 |       ||     1
       Fruit             |       |       |     2 ||     2
       Bread ration      |       |       |     1 ||     1
